Workbook

Sheet HABILITANTES
A1: No. | B1: NOMBRE DEL PROPONENTE | C1: REGISTRO ÚNICO DE PROPONENTES- RUP 80111600 Servicios de Personal Temporal 80101500 Servicios de Consultoría de Negocios y Administración Corporativa 80101500 Gerencia de Proyectos 80161500 Servicios de apoyo gerencial El RUP debe renovarse a más tardar el quinto día hábil del mes de abril de cada año, de lo contrario cesan sus efectos. La información contenida en el RUP, previa a la suministrada para renovar el registro, continúa vigente y en firme. Se debe presentar el registro único de proponentes con fecha de expedición no mayor de 30 días calendarios a la fecha del cierre del presente proceso de selección. La experiencia objeto de verificación deberá estar clasificada en el RUP en alguno de los códigos establecidos en el pliego de condiciones y los contratos deberán tener relación con el objeto a contratar. En el evento que la propuesta se presente por una estructura plural, cada uno de los integrantes podrá estar registrado en la clasificación exigida por el MEN para el proceso de selección, según la norma que lo cobije; pero la experiencia objeto de verificación de cada integrante deberá estar clasificada en el RUP en alguno de los códigos establecidos en el pliego de condiciones y los contratos deberán tener relación con el objeto a contratar | E1: EXPERIENCIA MÍNIMA Máximo dos (2) contratos Valor estimado: $498.457.178,00 Sea igual o superior al 100% del presupuesto oficial, esto es 383,43 SMMLV Mujeres: máximo tres (3) contratos / sea igual o superior al100% del presupuesto oficial, esto es 383,43 SMMLV | J1: RELACIÓN DE EQUIPO HUMANO MÍNIMO PARA LA EJECUCIÓN DEL CONTRATO
C2: OBSERVACIÓN | D2: CONDICIÓN | E2: OBSERVACIÓN | F2: VALOR EN SMMLV | G2: TOTAL SMMLV (383,43 SMMLV ) | H2: REQUERIMIENTO | I2: CONDICIÓN | J2: CARTA DE COMPROMISO-FORMATO No.5 | K2: REQUERIMIENTO | L2: CUMPLE | M2: EVALUACIÓN TÉCNICA
A3: 1 | B3: KRATOS CONSULTORES SAS | C3: Código de Naciones Unidas: 80111660: CUMPLE - Folio 5 80101500: CUMPLE - Folio 5 80161500: CUMPLE- Folio 5 Fecha de Inscripción: 02/05/2024- Folio 1 Fecha de expedición cetificación: 26/08/2024 | D3: CUMPLE | E3: CONTRATO FM-SECRETARIA DE ASUNTOS ÉTNICOS-ESCULA DE LIDERAZGO-0158-01-2023 SUSCRITO CON FONDO MIXTO PARA LA PROMOCIÓN DEL DEPORTE, EL DESARROLLO INTEGRAL Y LA GESTIÓN SOCIAL NO RUP: 28 FOLIO 14 80111600: FOLIO: 14 PDF 80101500: FOLIO: 14 PDF 80161500:FOLIO: 14 PDF | G3: =F4 -> 301.72 | H3: a) El proponente no allego durante el traslado del informe de verificación la póliza de seriedad de la oferta con el cumplimiento de los requisitos contemplados en el numeral 2 de los requisitos habilitantes jurídicos señalados en el pliego de condiciones definitivo, en específico lo señalado con relación a cuantía que reza, “(…) CUANTÍA: (Valor Asegurado y Vigencia) De acuerdo con el artículo 2.2.1.2.3.1.9 del Decreto 1082 de 2015 el valor asegurado de la garantía de seriedad será el DIEZ POR CIENTO (10%) del PRESUPUESTO OFICIAL, estimado del Proceso de Contratación (…)”. b) El proponente no allego durante el traslado del informe documentación que considerara necesaria para contrastar, verificar y tener certeza que las actividades corresponden con el requisito de experiencia contemplado en el pliego de condiciones definitivo: numeral 3.2 EXPERIENCIA ESPECÍFICA MÍNIMA DEL PROPONENTE (CUMPLE / NO CUMPLE) "Conceptualización o diseño o elaboración de instrumentos para evaluación de habilidades o competencias o desempeño de equipos de trabajo o de persona": Por lo anterior, el proponente es RECHAZADO, teniendo en cuenta lo señalado en el pliego de condiciones definitivo, TÍTULO L, causales de rechazo, literal M, que reza: “(…) Cuando el proponente no cumpla los requisitos de habilitación, o desatienda los requerimientos del MEN, una vez le hayan solicitado subsanarlos o aclararlos, o desatienda los aspectos sustanciales del requerimiento (…)”. | I3: NO CUMPLE | J3: Se adjunta carta de compromiso firmada por Martha Lucía Murillo Murillo, Representante Legal | L3: CUMPLE | M3: RECHAZADO
E4: CONTRATO CPS.2-2023 SUSCRITO POWER LOGISTIC SOLUTION NO. RUP 29 FOLIO 14 80111600: FOLIO 14 80101500: FOLIO 14 80161500: FOLIO 14 CUMPLE. Su objeto y actividades están relacionadas con la "Conceptualización o diseño o elaboración de instrumentos para evaluación de habilidades o competencias o desempeño de equipos de trabajo o de persona" | F4: 301.72
E5: CONTRATO 1010-12-003-295-2020 SUSCRITO CON EL MUNICIPIO DE MIRANDA CAUCA NO. RUP 16: FOLIO 10 80111600:FOLIO 10 80101500:FOLIO 10
A6: 2 | B6: PROINSO S.F | C6: Código de Naciones Unidas: 80111600: CUMPLE - Folio 4 80161500: CUMPLE- Folio 4 Fecha de Inscripción: 18/06/2024- Folio 1 Fecha de renovación: NO TIENE Fecha de expedición cetificación: 19/09/2024 | D6: CUMPLE | E6: CONTRATO NO-2223 GOBERNACIÓN DE BOLÍVAR NO. RUP 2 : FOLIO 5 80101500: 5 80161500:5 CUMPLE. Su objeto y actividades están relacionadas con la "Conceptualización o diseño o elaboración de instrumentos para evaluación de habilidades o competencias o desempeño de equipos de trabajo o de persona" | F6: 1187.67 | G6: =F6 -> 1187.67 | I6: CUMPLE | J6: Se adjunta carta de compromiso firmada por Shaik Fuentes Yaset de Jesús , Representante Legal | L6: CUMPLE | M6: HABILITADO
A7: 3 | B7: UNIVERSIDAD LIBRE | C7: Código de Naciones Unidas: 80111600: FOLIO 12 80101500: FOLIO 12 80161500:FOLIO 12 Fecha de Inscripción: 17/07/2023- Folio 1 Fecha de renovación:10/04/2024- Folio 1 Fecha de expedición cetificación: 5/09/2024 | D7: CUMPLE | E7: Conrato 458 de 2022 Suscrito con Comisión Nacional del Servicio Civil No. RUP: 41 FOLIO 57 80161500: FOLIO 57 80101500: FOLIO 57 80161500: FOLIO 57 CUMPLE. Su objeto y actividades están relacionadas con la "Conceptualización o diseño o elaboración de instrumentos para evaluación de habilidades o competencias o desempeño de equipos de trabajo o de persona" | F7: 6634.63 | G7: =F7+F8 -> 9604.05 | I7: CUMPLE | J7: Se adjunta carta de compromiso firmada por Jorgew Alarcón NIño, Representante Legal | L7: CUMPLE | M7: HABILITADO
E8: Contrato No.642 de 2018 Suscrio con Comisión Nacional del Sevicio Civil No. RUP: 29 FOLIO 44 80101500 FOLIO 44 80161500: FOLIO 44 80111600: FOLIO 44 CUMPLE. Su objeto y actividades están relacionadas con la "Conceptualización o diseño o elaboración de instrumentos para evaluación de habilidades o competencias o desempeño de equipos de trabajo o de persona" | F8: 2969.42

Sheet PUNTUABLES
A2: No. | B2: NOMBRE DEL PROPONENTE | C2: CALIDAD MÁXIMO 88,50 PUNTOS | I2: APOYO A LA INDUSTRIA MÁXIMO 10 (FORMATO No. 9) | J2: PERSONAL CON DISCAPACIDAD 1 | K2: PARTICIPACIÓN MYPIMES MÁXIMO 0,25 | L2: EMPRENDIMIENTOS Y EMPRESAS DE MUJERES MÁXIMO 0,25 | M2: PUNTUACIÓN TOTAL
C3: EXPERIENCIA ADICIONAL DEL OFERENTE (FORMATO No. 6): EXPERIENCIA PONDERABLE DEL PROPONENTE (58,50) PUNTOS | E3: EXPERIENCIA Y FORMACIÓN ADICIONAL ESPECÍFICA DEL EQUIPO DE TRABAJO (30 PUNTOS). “FORMATO No. 7 - OFRECIMIENTO DE FORMACIÓN Y EXPERIENCIA ADICIONAL DEL PERSONAL EVALUABLE | G3: TOTAL PUNTOS | H3: OBERVACIÓN | I3: PUNTAJE | J3: PUNTAJE | K3: PUNTAJE | L3: PUNTAJE
A4: 1 | B4: KRATOS CONSULTORES SAS | C4: 200 SMMLV | D4: 0 | E4: Director de proyecto, por tres (3) meses de experiencia adicional a la mínima requerida se darán cinco (5) puntos hasta un máximo de quince (15) | F4: 0 | G4: =D4+F4+D5+F5+D6 -> 0 | I4: 0 | J4: 0 | K4: 0 | L4: 0 | M4: =G4+I4+J4+K4+L4 -> 0
C5: 300 SMMLV | D5: 0 | E5: Profesionales universitarios con Experiencia en el apoyo o elaboración de procesos de evaluación y selección de personas. Por cada tres (3) de experiencia adicional a la mínima exigida, se asignarán cinco (5) puntos hasta un máximo de quince (15) puntos | F5: 0
C6: 380 SMMLV | D6: 0
A7: 2 | B7: PROINSO S.F | C7: 200 SMMLV | D7: 0 | E7: Director de proyecto, por tres (3) meses de experiencia adicional a la mínima requerida se darán cinco (5) puntos hasta un máximo de quince (15) | F7: 15 | G7: =D7+D8+D9+F7+F8 -> 88.5 | H7: *Contrato 1125-11 -2019 Suscrito con la Alcaldía Municipal de Sabana Larga No. RUP 5 FOLIO 6 SMMLV:505,68 FOLIO 6 80101500: FOLIO 7 80111600::FOLIO 7 80161500: FOLIO 7 *Contrato CM-9-1128-2021 Suscrito con la Gobernación de Sucre No. RUP 1. FOLIO 4 SMMLV: 641,96 80111600: FOLIO 4 * Contrato 11-32-2017 Suscrito con Alcaldía de Repelón No. RUP 4. FOLIO 6 SMMLV: 635,99 FOLIO 6 80101500 FOLIO 6 80111600 FOLIO 6 CUMPLEN: Sus objetos y actividades están relacionadas con la "Conceptualización o diseño o elaboración de instrumentos para evaluación de habilidades o competencias o desempeño de equipos de trabajo o de persona" | I7: 10 | J7: 0 | K7: 0.25 | L7: 0 | M7: =G7+I7+J7+K7+L7 -> 98.75
C8: 300 SMMLV | D8: 0 | E8: Profesionales universitarios con Experiencia en el apoyo o elaboración de procesos de evaluación y selección de personas. Por cada tres (3) de experiencia adicional a la mínima exigida, se asignarán cinco (5) puntos hasta un máximo de quince (15) puntos | F8: 15
C9: 380 SMMLV | D9: 58.5
A10: 3 | B10: UNIVERSIDAD LIBRE | C10: 200 SMMLV | D10: 0 | E10: Director de proyecto, por tres (3) meses de experiencia adicional a la mínima requerida se darán cinco (5) puntos hasta un máximo de quince (15) | F10: 15 | G10: =D10+D11+D12+F10+F11 -> 88.5 | H10: *Contrato FGNNC-0037-2021 Suscrito Fiscalia General de la Nación No. RUP 44 FOLIO 58 SMMLV:14919,42 PARTICIPACIÓN 80% 80101500: FOLIO 58 80111600; FOLIO 58 80161500: FOLIO 59 *Contrato 108-2022 Suscrito Comisión Nacional del Servicio Civil No.RUP 42 : FOLIO 57 SMMLV: 14291,48 80101500:FOLIO 57 80111600:FOLIO 57 80161500:FOLIO 58 *Contrato 318 - 2019 Suscrito con la Comisión Nacioanl del Servicio Civil No.RUP 22: FOLIO 36 SMMLV:5056,45 80101500: FOLIO:36 80161500: FOLIO 36 80111600: FOLIO 36 CUMPLEN: Sus objetos y actividades están relacionadas con la "Conceptualización o diseño o elaboración de instrumentos para evaluación de habilidades o competencias o desempeño de equipos de trabajo o de persona" | I10: 10 | J10: 0 | K10: 0 | L10: 0 | M10: =G10+I10+J10+K10+L10 -> 98.5
C11: 300 SMMLV | D11: 0 | E11: Profesionales universitarios con Experiencia en el apoyo o elaboración de procesos de evaluación y selección de personas. Por cada tres (3) de experiencia adicional a la mínima exigida, se asignarán cinco (5) puntos hasta un máximo de quince (15) puntos | F11: 15
C12: 380 SMMLV | D12: 58.5

Sheet VERIFICACIÓN PROP ECONÓMICA
A1: No. | B1: NOMBRE DEL PROPONENTE | C1: VERIFICACIÓN PROPUESTA ECONÓMICA | L1: PRESPUESTO OFICIAL | M1: CONDICIÓN
C2: VALOR TECHO | D2: Componente costos Directos | E2: Componente costos indirectos | F2: Administración | H2: Utilidad | J2: IVA
D3: 297872269 | E3: 43784808 | F3: 0.1255 | H3: 0.1005 | K3: 0.19 | L3: 498457178
A4: 1 | B4: KRATOS CONSULTORES SAS | C4: Valor registrados en la propuesta
C5: Verificación de cumplimiento
A6: 2 | B6: PROINSO S.F | C6: Valor registrados en la propuesta | D6: 297872268 | E6: 43784808 | F6: 42877964 | G6: 12.55 | H6: 34336537 | I6: 0.1005 | J6: 79585600 | K6: CUMPLE | L6: 4.9845718e+08 | M6: CUMPLE
C7: Verificación de cumplimiento | D7: CUMPLE | E7: CUMPLE | G7: CUMPLE | I7: CUMPLE | K7: CUMPLE | L7: CUMPLE
A8: 3 | B8: UNIVERSIDAD LIBRE | C8: Valor registrados en la propuesta | D8: 296000000 | E8: 42500000 | F8: 42481750 | G8: =F8/F19 -> 0.1255 | H8: 34019250 | I8: =H8/F19 -> 0.1005 | J8: 0 | L8: 415001000 | M8: CUMPLE
C9: Verificación de cumplimiento | D9: CUMPLE | E9: CUMPLE | G9: CUMPLE | I9: CUMPLE | L9: CUMPLE
E10: PROINSO | F10: LIBRE
C11: Director | D11: 45552453 | E11: 45552452 | F11: 25000000 | I11: 4.9845718e+08
C12: profesionales | D12: 150141898 | E12: 1.501419e+08 | F12: 105000000
C13: dos pro | D13: 41197344 | E13: 41197344 | F13: 24000000
C14: tecnolo | D14: 26547240 | E14: 26547240 | F14: 15000000
C15: presencial | D15: 29833334 | E15: 29833334 | F15: 108000000
C16: virtual | D16: 4600000 | E16: 4600000 | F16: 19000000
E17: =E11+E12+E13+E14+E15+E16 -> 297872268 | F17: =F11+F12+F13+F14+F15+F16 -> 296000000
E18: =E6 -> 43784808 | F18: 42500000
E19: =E17+E18 -> 3.4165708e+08 | F19: =F17+F18 -> 338500000
E20: =F6 -> 42877964 | F20: 42481750
E21: =H6 -> 34336537 | F21: 34019250
E22: =E19+E20+E21 -> 4.1887158e+08 | F22: =F19+F20+F21 -> 415001000
E23: =ROUND(E22*19%,0) -> 79585600
E24: =E22+E23 -> 4.9845718e+08
E25: 4.9845718e+08

Sheet Hoja4
A1: No. | B1: NOMBRE DEL PROPONENTE | C1: CALIDAD DE LA PROPUESTA | D1: APOYO A LA INDUSTRIA MÁXIMO 10 (FORMATO No. 9) | E1: PERSONAL CON DISCAPACIDAD 1 | F1: PARTICIPACIÓN MYPIMES MÁXIMO 0,25 | G1: EMPRENDIMIENTOS Y EMPRESAS DE MUJERES MÁXIMO 0,25 | H1: PUNTUACIÓN TOTAL | I1: ORDEN DE ELEGIBILIDAD
A2: 1 | B2: KRATOS CONSULTORES SAS | C2: =PUNTUABLES!G4 -> 0 | D2: =PUNTUABLES!I4 -> 0 | E2: =PUNTUABLES!J4 -> 0 | F2: =PUNTUABLES!K4 -> 0 | G2: =PUNTUABLES!L4 -> 0 | H2: =C2+D2+E2+F2+G2 -> 0
A3: 2 | B3: PROINSO S.F | C3: =PUNTUABLES!G7 -> 88.5 | D3: =PUNTUABLES!I7 -> 10 | E3: =PUNTUABLES!J7 -> 0 | F3: =PUNTUABLES!K7 -> 0.25 | G3: =PUNTUABLES!L7 -> 0 | H3: =C3+D3+E3+F3+G3 -> 98.75
A4: 3 | B4: UNIVERSIDAD LIBRE | C4: =PUNTUABLES!G10 -> 88.5 | D4: =PUNTUABLES!I10 -> 10 | E4: =PUNTUABLES!J10 -> 0 | F4: =PUNTUABLES!K10 -> 0 | G4: =PUNTUABLES!L10 -> 0 | H4: =C4+D4+E4+F4+G4 -> 98.5
